 Dungeon Crawl Stone Soup version 0.26-a0-1002-g7355149c4d (webtiles) character file.

Game seed: 14265463741180752252

191 pkoi the Slasher (level 5, -5/45 HPs)
             Began as a Minotaur Monk on Dec 7, 2020.
             Slain by a gnoll
             ... wielding a +3 whip
              (7 damage)
             ... on level 2 of the Dungeon.
             The game lasted 00:02:18 (2688 turns).

pkoi the Slasher (Minotaur Monk)                    Turns: 2688, Time: 00:02:18

Health: -5/45      AC:  2    Str: 17    XL:     5   Next: 42%
Magic:  4/4        EV: 13    Int:  7    God:
Gold:   127        SH:  0    Dex: 12    Spells: 4/4 levels left

rFire    . . .     SeeInvis .   g - +2 short sword (venom)
rCold    . . .     Faith    .   (no shield)
rNeg     . . .     Spirit   .   b - +0 robe
rPois    .         Reflect  .   (helmet restricted)
rElec    .         Harm     .   (no cloak)
rCorr    .         Rampage  .   (no gloves)
Will     .....                  (no boots)
Stlth    ++........             (no amulet)
HPRegen  0.15/turn              (no ring)
MPRegen  0.09/turn              (no ring)

@: no status effects
A: retaliatory headbutt, horns 2
a: no special abilities


You were on level 2 of the Dungeon.
You visited 1 branch of the dungeon, and saw 3 of its levels.

You collected 127 gold pieces.

Inventory:

Hand Weapons
 a - a +0 falchion
 g - a +2 short sword of venom (weapon)
Armour
 b - a +0 robe (worn)
Scrolls
 f - a scroll of random uselessness {unknown}
 h - 3 scrolls of identify {unknown}
 i - 3 scrolls of teleportation {unknown}
 j - a scroll of amnesia {unknown}
 l - a scroll of remove curse {unknown}
 m - 2 scrolls of noise {unknown}
Potions
 c - 2 potions of attraction {unknown}
 d - 2 potions of flight {unknown}
 e - a potion of magic {unknown}
 k - 2 potions of heal wounds {unknown}


   Skills:
 - Level 3.6 Fighting
 + Level 7.2 Long Blades
 - Level 3.2 Dodging
 - Level 1.5 Stealth
 - Level 1.2 Invocations


You had 4 spell levels left.
You didn't know any spells.
Your spell library was empty.

Dungeon Overview and Level Annotations

Branches:
Dungeon (3/15)

Altars:
Hepliaklqana
Okawaru


Innate Abilities, Weirdness & Mutations

You reflexively headbutt those who attack you in melee.
You have a pair of horns on your head.


Message History

The gnoll hits you with a +3 whip.
* * * LOW HITPOINT WARNING * * *
The ogre completely misses you. The gnoll hits you but does no damage.
The gnoll hits you from afar with a +0 spear.
* * * LOW HITPOINT WARNING * * *
Unknown command.
You see here a leather armour.
Unknown command.
There is a huge open gate here.
Items here: )) ††.
You see here a jackal corpse.
There is a stone staircase leading up here.
The gnoll hits you with a +3 whip.
* * * LOW HITPOINT WARNING * * *
You climb upwards.
There is a stone staircase leading down here.
You hit the gnoll. Your headbutt misses the gnoll.
The gnoll is lightly wounded.
The gnoll hits you with a +3 whip!
You die...

....# #..#.###.# #).#.###. ....#
##.....#.## #.##.# #. ....#
###.#.#..######.##.###. #...#
#.#.##..##....##..##. ###.###
#.#...........###.... #...##
#.##..........###..#. # ###..##
#..#................. # ##..#
##.#..........##..... ### ##.#
#.(@.........##..... ..#
#.########.g...............
#.#####........#..........##.....
..........................#####.#
........(......#...........####..
...###########...............####
.#.# #####....########..# ...#
###......>.# ##..### #..####
#..........#######.....##


You could see a gnoll.

Vanquished Creatures
  Natasha (twice) (D:3)
  Robin (D:2)
  2 adders
  3 gnolls (D:3)
  A worm (D:2)
  A dart slug (D:2)
  A leopard gecko (D:2)
  3 orcs (D:3)
  3 giant cockroaches
  11 goblins
  5 hobgoblins
  6 jackals
  7 kobolds
  2 quokkas
  16 bats
  4 frilled lizards
  7 rats
75 creatures vanquished.

Notes
Turn   | Place    | Note
-------+----------+-------------------------------------------
     0 | D:1      | pkoi the Minotaur Monk began the quest for the Orb.
     0 | D:1      | Reached XP level 1. HP: 19/19 MP: 0/0
   141 | D:1      | Reached skill level 4 in Long Blades
   237 | D:1      | Reached XP level 2. HP: 26/26 MP: 1/1
   312 | D:1      | Reached skill level 1 in Invocations
  1010 | D:2      | Noticed Robin
  1012 | D:2      | Reached XP level 3. HP: 31/31 MP: 2/2
  1244 | D:1      | Reached skill level 5 in Long Blades
  1254 | D:2      | Killed Robin
  1672 | D:2      | Reached XP level 4. HP: 37/39 MP: 3/3
  1779 | D:2      | Found a hazy altar of Hepliaklqana.
  1788 | D:2      | Found an iron altar of Okawaru.
  2178 | D:3      | Reached skill level 6 in Long Blades
  2361 | D:3      | Noticed Natasha
  2366 | D:3      | Killed Natasha
  2432 | D:3      | Noticed Natasha
  2438 | D:3      | Killed Natasha
  2439 | D:3      | Reached XP level 5. HP: 38/45 MP: 4/4
  2501 | D:3      | Reached skill level 7 in Long Blades
  2651 | D:3      | Noticed an ogre
  2658 | D:3      | HP: 2/45 [gnoll/+0 spear (4)]
  2686 | D:3      | HP: 2/45 [gnoll/+3 whip (4)]
  2688 | D:2      | Slain by a gnoll

Illustrated notes

Levels and vault maps discovered:
D:1:      minmay_arrival_checkered_box, layout_basic
D:2:      layout_rooms, minitemple, uniq_robin
D:3:      lemuel_castle_with_subvaults [lemuel_castle_interior_carwin_2],
          layout_basic, uniq_terence, uniq_natasha, uniq_grinder

Skill      XL: |  1  2  3  4  5 |
---------------+----------------+-----
Long Blades    | 4 5 6 7 |  7.2
Invocations    | 1 |  1.2
Fighting       | |  3.6
Dodging        | |  3.2
Stealth        | |  1.5

Action                   |  1- 3 |  4- 6 || total
-------------------------+-------+-------++-------
Melee: Falchion          |    24 |       ||    24
       Headbutt          |     5 |    10 ||    15
       Short sword       |    45 |    53 ||    98
 Stab: Sleeping          |     2 |     1 ||     3
Armor: Robe              |    17 |     9 ||    26
Dodge: Dodged            |    69 |    35 ||   104
       Rpst.: Falchion   |     6 |       ||     6

Table legend: (Time is in decaauts)
 A = Elapsed time spent in this place.
 B = Non-inter-level travel time spent in this place.
 C = Inter-level travel time spent in this place.
 D = Time resting spent in this place.
 E = Time spent auto-exploring this place.
 F = Levels seen in this place.
 G = Mean time per level.
                   A        B        C        D        E       F      G
               +--------+--------+--------+--------+--------+-----+--------+
         Total |   2698 |   2671 |     27 |    668 |   1590 |   3 |  899.3 |
       Dungeon |   2698 |   2671 |     27 |    668 |   1590 |   3 |  899.3 |
               +--------+--------+--------+--------+--------+-----+--------+

Top non-repeatable levels by time:
     D:1: 1242 daAuts
     D:2: 792 daAuts
     D:3: 663 daAuts
